 Dungeon Sprint DCSS version 0.21-a0-401-g0b6bec4 (webtiles) character file.

10633 Kidiri the Eclecticist (level 11, 0/66 (67) HPs)
             Began as a Deep Elf Fire Elementalist on Oct 23, 2017.
             Was the Champion of Vehumet.
             Slain by a death drake (4 damage)
             ... in the Dungeon (Sprint III: "The Ten Rune Challenge").
             The game lasted 00:22:40 (3800 turns).

Kidiri the Eclecticist (Deep Elf Fire Elementalist) Turns: 3800, Time: 00:22:41

HP:   0/66 (67)     AC:  6    Str:  7    XL:     11   Next: 38%
MP:   17/31         EV: 15    Int: 24    God:    Vehumet [******]
Gold: 46            SH:  0    Dex: 17    Spells: 3/45 levels left

rFire    . . .     SeeInvis .   p - +0 short sword
rCold    . . .     Gourm    .   (no shield)
rNeg     . . .     Faith    .   C - +0 ring mail
rPois    .         Spirit   .   (no helmet)
rElec    .         Reflect  .   (no cloak)
rCorr    .         Harm     .   (no gloves)
MR       +....     Rnd*Rage +   (no boots) Stlth +.........NoTele +
                                (no amulet)
HPRegen  0.21/turn              (no ring)
MPRegen  0.22/turn              (no ring)

@: lethally poisoned (0 -> -14), slowed, very slow
A: agile 1, berserk 1, low mp 1, strong 1
a: Renounce Religion


You were in the Dungeon.
You worshipped Vehumet.
Vehumet was exalted by your worship.
You were not hungry.

You visited 1 branch You collected 46 gold pieces.

Inventory:

Hand Weapons
 e - a cursed -3 giant spiked club
 l - a +0 mace
 m - a +0 dagger
 p - a +0 short sword (weapon)
 u - a +1 double sword of distortion
 x - a +0 dagger
 y - a +0 dagger
 B - a +2 long sword of holy wrath
 F - a +0 dagger
 H - a +0 giant spiked club
 I - a +0 giant spiked club
 J - a +0 giant club
 K - a +0 giant club
 M - a +0 giant club
 N - a +0 giant club
 O - a +0 giant spiked club
 P - a +0 giant spiked club
 R - a +0 dire flail
 S - a +0 giant club
Missiles
 c - 6 javelins
 T - 8 throwing nets (quivered)
Armour
 a - a +0 robe
 n - a +0 robe
 z - a +0 robe
 A - a -2 robe
 C - a +0 ring mail (worn)
 G - a +0 robe
 L - a +0 ring mail
 Q - a +0 robe
Jewellery
 k - an uncursed amulet of inaccuracy
Wands
 D - a wand of iceblast (9/15)
Scrolls
 o - a scroll of holy word
 q - 2 scrolls of remove curse
 t - a scroll of torment {unknown}
Potions
 f - a potion of haste
 g - 2 potions of magic
 h - a potion of berserk rage
 s - a potion of agility
 v - 2 potions of flight
Books
 b - a book of Flames

   Spells                             Type                      Level
   a - Flame Tongue                   Conjuration/Fire             1
   b - Throw Flame                    Conjuration/Fire             2
   c - Conjure Flame                  Conjuration/Fire             3
   d - Inner Flame                    Hexes/Fire                   3
   e - Sticky Flame                   Conjuration/Fire             4
   f - Fireball                       Conjuration/Fire             5
 w - a book of Misfortune

   Spells                             Type                      Level
   a - Confusing Touch                Hexes                        1
   b - Confuse                        Hexes                        3
   c - Gell's Gravitas                Translocation                3
   d - Petrify                        Transmutation/Earth          4
   e - Metabolic Englaciation         Hexes/Ice                    5
   f - Yara's Violent Unravelling     Hexes/Transmutation          5
Miscellaneous
 E - a lamp of fire
Comestibles
 j - 21 royal jellies
 r - a meat ration


   Skills:
 + Level 7.4 Fighting
 - Level 8.0 Short Blades
 + Level 7.5 Armour
 - Level 10.0 Dodging
 - Level 2.4 Stealth
 * Level 17.7 Spellcasting
 + Level 11.1 Conjurations
 + Level 11.6 Fire Magic
 + Level 6.1 Ice Magic
 + Level 4.0 Air Magic
 + Level 6.1 Earth Magic
 + Level 7.6 Poison Magic


You had 3 spell levels left.
You knew the following spells:

 Your Spells              Type           Power        Failure   Level  Hunger
a - Flame Tongue          Conj/Fire      #####        1%          1    None
b - Throw Flame           Conj/Fire      ######       1%          2    None
c - Conjure Flame         Conj/Fire      ######..     1%          3    None
d - Inner Flame           Hex/Fire       #####...     1%          3    None
e - Ignite Poison         Fire/Tmut/Pois ######..     1%          3    None
f - Sticky Flame          Conj/Fire      ######..     1%          4    None
g - Fireball              Conj/Fire      ######....   1%          5    None
h - Throw Icicle          Conj/Ice       ######..     1%          4    None
i - Freezing Cloud        Conj/Ice/Air   ######....   14%         6    ####...
j - Bolt of Cold          Conj/Ice       ######....   8%          6    ####...
k - Lee's Rapid Deconstr  Erth           ######....   4%          5    None


Dungeon Overview and Level Annotations

Branches:
Dungeon (1/1)

Altars:
Cheibriados
Dithmenos
Elyvilon
Fedhas
Gozag
Hepliaklqana
Kikubaaqudgha
Makhleb
Nemelex Xobeh
Okawaru
Qazlal
Ru
Sif Muna
Trog
Uskayaw
Vehumet
Wu Jian
Xom
Yredelemnul
Zin
The Shining One
Beogh
Jiyva
Lugonu

Annotations:
D exclusion: 4 doors


Innate Abilities, Weirdness & Mutations

You are agile. (Dex +2)
You tend to lose your temper in combat.
Your magical capacity is low. (-10% MP)
Your muscles are strong. (Str +2)


Message History

You are poisoned.
You feel your flesh rotting away!
* * * LOW HITPOINT WARNING * * *
You feel very sick. The death drake bites you.
* * * LOW HITPOINT WARNING * * *
The death drake bites you.
* * * LOW HITPOINT WARNING * * *
You see here an inedible chunk of flesh.
Unknown command.
Casting: Fireball
Confirm with . or Enter, or press ? or * to list all spells.
Aiming: Fireball
Press: ? - help, Shift-Dir - straight line The fireball explodes!
The fireball engulfs the death drake.
The death drake is severely wounded.
* * * LOW HITPOINT WARNING * * *
You feel very sick.
The death drake is engulfed in a cloud of scalding steam.
The death drake bites you.
You die...

.....♣♣♣♣≈≈≈........≈≈≈...#%...%.
.≈≈≈≈'♣♣'♣≈≈≈≈≈≈≈≈≈≈≈≈♣♣P.'......
.....#.≈♣♣♣♣♣♣♣♣♣♣♣♣♣♣♣♣PP#.....%
♣♣♣♣♣#..♣♣ ♣♣♣##+####
###'♣♣♣♣♣♣♣♣♣♣♣♣♣♣♣
♣♣♣♣.##..##≈≈≈≈≈≈..#
♣...##.##.#≈≈≈≈≈...#
♣♣.##.##.##'≈≈≈≈§####
♣..#.##...#@≈.§§§§§§
♣♣.##.##..#k..+####
♣♣.##.#####...# ♣.....##......#
########+######


You could see a death drake.

Vanquished Creatures
  2 hydras (D)
  Erolcha (D)
  Urug (D)
  A lindwurm (D)
  A deep elf mage (D)
  2 spiny frogs (D)
  A rime drake (D)
  A komodo dragon (D)
  2 tyrant leeches (D)
  3 wandering mushrooms (D)
  A queen bee (D)
  5 blink frogs (D)
  5 redbacks (D)
  A shadow (D)
  A spatial vortex (D)
  A necrophage (D)
  A swamp drake (D)
  5 two-headed ogres (D)
  A water elemental (D)
  32 killer bees (D)
  An electric eel (D)
  A jelly (D)
  Jessica (D)
  A wizard (D)
  A necromancer (D)
  3 humans (D)
  A kobold demonologist (D)
  A phantom (D)
  3 rats (D)
81 creatures vanquished.

Vanquished Creatures (others)
  2 draconian scorchers (D)
  6 hellions (D)
  3 yaktaurs (D)
  2 plants (D)
13 creatures vanquished.

Grand Total: 94 creatures vanquished

Notes
Turn   | Place    | Note
-------+----------+-------------------------------------------
     0 | D        | Kidiri the Deep Elf Fire Elementalist began the quest for the Orb.
     0 | D        | Reached XP level 1. HP: 10/10 MP: 6/6
    29 | D        | Killed a yaktaur
    40 | D        | Noticed Jessica
    42 | D        | Killed Jessica
    42 | D        | Reached skill level 6 in Spellcasting
    42 | D        | Reached XP level 2. HP: 15/15 MP: 7/11
    46 | D        | Learned a level 2 spell: Throw Flame
    82 | D        | Killed a hellion
    83 | D        | Killed a hellion
    96 | D        | Killed a hellion
    97 | D        | Killed a hellion
   113 | D        | Reached XP level 3. HP: 19/19 MP: 5/12
   118 | D        | Learned a level 3 spell: Conjure Flame
   122 | D        | Learned a level 3 spell: Inner Flame
   143 | D        | Killed a hellion
   159 | D        | Killed a hellion
   175 | D        | Reached skill level 7 in Spellcasting
   175 | D        | Reached skill level 5 in Fire Magic
   196 | D        | Gained mutation: Your movements are slightly less encumbered by armour. (ER -2) [potion of mutation]
   196 | D        | Gained mutation: You are partially covered in rugged brown scales. (AC +1, +3% HP) [potion of mutation]
   197 | D        | Lost mutation: Your movements are slightly less encumbered by armour. (ER -2) [potion of mutation]
   197 | D        | Lost mutation: You are partially covered in rugged brown scales. (AC +1, +3% HP) [potion of mutation]
   197 | D        | Gained mutation: You are partially covered in molten scales. (AC +2) [potion of mutation]
   197 | D        | Gained mutation: You possess an exceptional clarity of mind. [potion of mutation]
   198 | D        | Lost mutation: You are partially covered in molten scales. (AC +2) [potion of mutation]
   198 | D        | Lost mutation: You possess an exceptional clarity of mind. [potion of mutation]
   198 | D        | Gained mutation: Your spells are a little easier to cast, but a little less powerful. [potion of mutation]
   198 | D        | Gained mutation: You have large cloven feet. [potion of mutation]
   199 | D        | Lost mutation: You have large cloven feet. [potion of mutation]
   199 | D        | Lost mutation: Your spells are a little easier to cast, but a little less powerful. [potion of mutation]
   199 | D        | Gained mutation: Your muscles are strong. (Str +2) [potion of mutation]
   199 | D        | Gained mutation: Your magical capacity is low. (-10% MP) [potion of mutation]
   199 | D        | Gained mutation: You tend to lose your temper in combat. [potion of mutation]
   199 | D        | Gained mutation: You are agile. (Dex +2) [potion of mutation]
   205 | D        | Killed a white draconian scorcher
   267 | D        | Killed a white draconian scorcher
   338 | D        | Noticed a water elemental
   340 | D        | Killed a water elemental
   340 | D        | Reached skill level 8 in Spellcasting
   340 | D        | Reached XP level 4. HP: 24/24 MP: 7/15
   347 | D        | Learned a level 4 spell: Sticky Flame
   351 | D        | Killed a yaktaur
   394 | D        | Found a radiant altar of Vehumet.
   395 | D        | Found a deep blue altar of Sif Muna.
   395 | D        | Found an ancient bone altar of Kikubaaqudgha.
   395 | D        | Noticed a wizard
   396 | D        | Killed a wizard
   396 | D        | Reached skill level 9 in Spellcasting
   396 | D        | Reached skill level 5 in Conjurations
   398 | D        | Reached XP level 5. HP: 28/28 MP: 6/17
   405 | D        | Learned a level 5 spell: Fireball
   426 | D        | Became a worshipper of Vehumet
   475 | D        | Found a glowing silver altar of Zin.
   476 | D        | Found a glowing golden altar of the Shining One.
   476 | D        | Found a white marble altar of Elyvilon.
   476 | D        | Noticed a deep elf mage
   482 | D        | Noticed a fire elemental
   482 | D        | Noticed a fire elemental
   482 | D        | Killed a deep elf mage
   482 | D        | Reached skill level 5 in Dodging
   482 | D        | Reached skill level 12 in Spellcasting
   482 | D        | Reached XP level 6. HP: 27/37 MP: 9/20
   482 | D        | Reached XP level 7. HP: 30/41 MP: 9/22
   566 | D        | Found an ornate altar of the Wu Jian Council.
   566 | D        | Found a roughly hewn altar of Beogh.
   566 | D        | Found an iron altar of Okawaru.
   566 | D        | Found a bloodstained altar of Trog.
   566 | D        | Found a hide-covered altar of Uskayaw.
   566 | D        | Noticed a human
   566 | D        | Noticed a human
   571 | D        | Killed a human
   576 | D        | Killed a human
   576 | D        | Reached * piety under Vehumet
   576 | D        | Offered knowledge of Magic Dart by Vehumet.
   775 | D        | Found a basalt altar of Yredelemnul.
   775 | D        | Found a shadowy altar of Dithmenos.
   775 | D        | Found a sacrificial altar of Ru.
   779 | D        | Reached skill level 13 in Spellcasting
   916 | D        | Noticed a shadow
   918 | D        | Killed a shadow
   918 | D        | Reached ** piety under Vehumet
   918 | D        | Offered knowledge of Freeze by Vehumet.
   918 | D        | Reached XP level 8. HP: 48/48 MP: 17/24
   919 | D        | Reached skill level 5 in Short Blades
   954 | D        | Found a blossoming altar of Fedhas.
   954 | D        | Found a stormy altar of Qazlal.
   954 | D        | Found a snail-covered altar of Cheibriados.
   954 | D        | Found a burning altar of Makhleb.
   954 | D        | Found a shimmering altar of Xom.
   955 | D        | Found a hazy altar of Hepliaklqana.
   955 | D        | Found an opulent altar of Gozag.
   955 | D        | Found a sparkling altar of Nemelex Xobeh.
   955 | D        | Found a corrupted altar of Lugonu.
   955 | D        | Found a viscous altar of Jiyva.
  1125 | D        | Offered knowledge of Ignite Poison by Vehumet.
  1132 | D        | Reached *** piety under Vehumet
  1155 | D        | Killed a yaktaur
  1160 | D        | Learned a level 3 spell: Ignite Poison
  1275 | D        | Noticed a two-headed ogre
  1281 | D        | Killed a two-headed ogre
  1281 | D        | Offered knowledge of Dazzling Spray by Vehumet.
  1281 | D        | Reached skill level 14 in Spellcasting
  1281 | D        | Reached skill level 1 in Poison Magic
  1333 | D        | Noticed Erolcha
  1335 | D        | Noticed a two-headed ogre
  1346 | D        | Killed a two-headed ogre
  1346 | D        | Reached skill level 5 in Armour
  1350 | D        | Killed Erolcha
  1350 | D        | Reached **** piety under Vehumet
  1350 | D        | Reached skill level 5 in Fighting
  1350 | D        | Reached skill level 15 in Spellcasting
  1350 | D        | Reached XP level 9. HP: 32/54 MP: 15/27
  1483 | D        | Offered knowledge of Throw Icicle by Vehumet.
  1483 | D        | Reached skill level 10 in Fire Magic
  1489 | D        | Learned a level 4 spell: Throw Icicle
  1575 | D        | Reached ***** piety under Vehumet
  1577 | D        | Offered knowledge of Lee's Rapid Deconstruction by Vehumet.
  1584 | D        | Learned a level 5 spell: Lee's Rapid Deconstruction
  1590 | D        | Noticed a queen bee
  1599 | D        | HP: 1/55 [killer bee/exploding inner flame[the player character] (23)]
  1599 | D        | Reached skill level 1 in Ice Magic
  1945 | D        | Offered knowledge of Force Lance by Vehumet.
  1945 | D        | Reached skill level 1 in Earth Magic
  2063 | D        | Reached XP level 10. HP: 60/60 MP: 19/28
  2065 | D        | Reached ****** piety under Vehumet
  2065 | D        | Reached skill level 5 in Poison Magic
  2190 | D        | Offered knowledge of Irradiate by Vehumet.
  2280 | D        | Reached skill level 16 in Spellcasting
  2280 | D        | Reached skill level 10 in Conjurations
  2390 | D        | Noticed a spiny frog
  2390 | D        | Noticed a spiny frog
  2395 | D        | Offered knowledge of Freezing Cloud by Vehumet.
  2397 | D        | Killed a spiny frog
  2402 | D        | Killed a spiny frog
  2410 | D        | Learned a level 6 spell: Freezing Cloud
  2954 | D        | Reached skill level 10 in Dodging
  2978 | D        | Reached skill level 1 in Air Magic
  3037 | D        | Noticed a lindwurm
  3040 | D        | Killed a lindwurm
  3063 | D        | HP: 3/61 [poisoned by a redback]
  3304 | D        | Noticed Urug
  3311 | D        | Killed Urug
  3311 | D        | Offered knowledge of Bolt of Cold by Vehumet.
  3311 | D        | Reached skill level 17 in Spellcasting
  3311 | D        | Reached skill level 5 in Ice Magic
  3311 | D        | Reached skill level 5 in Earth Magic
  3311 | D        | Reached XP level 11. HP: 61/66 MP: 10/30
  3319 | D        | Learned a level 6 spell: Bolt of Cold
  3638 | D        | Noticed a seven-headed hydra
  3638 | D        | Noticed a four-headed hydra
  3641 | D        | Killed a four-headed hydra
  3641 | D        | Offered knowledge of Iron Shot by Vehumet.
  3643 | D        | Killed a seven-headed hydra
  3794 | D        | Noticed a death drake
  3800 | D        | Slain by a death drake

Vault maps used:
D:        dungeon_sprint_mu

Skill      XL: |  1  2  3  4  5  6  7  8  9 10 11 |
---------------+----------------------------------+-----
Spellcasting   | 6 8 9 12 13 15 17 | 17.7
Conjurations   | 3 4 5 7 9 10 11 | 11.1
Fire Magic     | 4 5 6 7 8 9 10 11 | 11.6
Fighting       | 3 4 5 6 7 |  7.4
Short Blades   | 3 4 6 7 8 |  8.0
Armour         | 3 4 5 6 7 |  7.5
Dodging        | 5 6 8 9 10 | 10.0
Poison Magic   | 3 4 6 7 |  7.6
Ice Magic      | 2 5 6 |  6.1
Earth Magic    | 1 5 6 |  6.1
Air Magic      | 2 4 |  4.0
Stealth        | |  2.4

Action                   |  1- 3 |  4- 6 |  7- 9 | 10-12 || total
-------------------------+-------+-------+-------+-------++-------
Melee: Long sword        |       |       |     9 |     3 ||    12
       Short sword       |       |       |     3 |     6 ||     9
 Cast: Flame Tongue      |    18 |     5 |    59 |    62 ||   144
       Conjure Flame     |     1 |       |    12 |     7 ||    20
       Sticky Flame      |       |     3 |    14 |    14 ||    31
       Inner Flame       |       |       |    12 |     3 ||    15
       Fireball          |       |       |     3 |     6 ||     9
       Throw Flame       |       |       |     1 |     2 ||     3
       Throw Icicle      |       |       |       |     3 ||     3
       Bolt of Cold      |       |       |       |     7 ||     7
  Use: Potion            |     4 |       |     2 |     3 ||     9
       Scroll            |       |       |     5 |       ||     5
 Stab: Sleeping          |       |       |       |     2 ||     2
  Eat: Chunk             |       |       |     2 |       ||     2
       Fruit             |       |       |     4 |       ||     4
       Bread ration      |       |       |       |     1 ||     1
Armor: Robe              |     1 |       |       |       ||     1
       Ring mail         |       |       |     4 |     6 ||    10
Dodge: Dodged            |     3 |     2 |    36 |    24 ||    65
       Rpst.: Long sword |       |       |    15 |     1 ||    16

Table legend:
 A = Spawn XP
 B = Non-spawn XP
 C = Spawn XP percentage of total XP
 D = Spawn monster count
 E = Non-spawn monster count
 F = Spawn count percentage of total count
 G = Total turns spent on level
                    A         B        C        D         E        F      G
               +---------+---------+-------+---------+---------+-------+---------
         Total |       0 |   15191 |   0.0 |       0 |      81 |   0.0 |  3800
               +---------+---------+-------+---------+---------+-------+---------
             D |       0 |   15191 |   0.0 |       0 |      81 |   0.0 |  3800
               +---------+---------+-------+---------+---------+-------+---------
